 Dungeon Crawl Stone Soup version 0.29.1-2-gbd0b4ee654 (webtiles) character file.

Game seed: 9313248789380356819

1360 KittyFluff the Twirler (level 8, -2/48 HPs)
             Began as a Gargoyle Berserker on Nov 25, 2022.
             Was a Believer of Trog.
             Slain by Maggie
             ... wielding a +2 vampiric glaive
              (13 damage)
             ... on level 6 of the Dungeon.
             The game lasted 00:27:53 (5816 turns).

KittyFluff the Twirler (Gargoyle Berserker)         Turns: 5816, Time: 00:27:54

Health: -2/48      AC: 12    Str: 21    XL:     8   Next: 64%
Magic:  8/8        EV: 12    Int:  8    God:    Trog [**....]
Gold:   358        SH:  5    Dex: 11    Spells: 7/7 levels left

rFire   . . .      SeeInvis .   a - +3 quarterstaff (chaos)
rCold   . . .      Faith    .   (shield currently unavailable)
rNeg    + . .      Spirit   .   n - +0 leather armour
rPois   ∞          Reflect  +   m - +0 helmet
rElec   +          Harm     .   B - +0 cloak {Stlth+}
rCorr   .          Rampage  .   (no gloves)
Will    .....                   z - +0 pair of boots
Stlth   +++.......              t - amulet of reflection
HPRegen 0.16/turn               (no ring)
MPRegen 0.11/turn               (no ring)

@: mesmerised, studying Dodging
A: sickness immunity, AC +5, negative energy resistance 1, electricity
resistance, torment resistance 1, petrification resistance
a: Renounce Religion, Berserk, Trog's Hand


You were on level 6 of the Dungeon.
You worshipped Trog.
Trog was pleased with you.
You visited 1 branch of the dungeon, and saw 6 of its levels.

You collected 358 gold pieces.

Inventory:

Hand Weapons
 a - a +3 quarterstaff of chaos (weapon)
 b - a +2 vorpal sling
 p - a +0 mace
 y - a +0 quarterstaff
 A - a +0 quarterstaff
Missiles
 h - 13 poisoned darts (quivered)
 E - a boomerang
Armour
 m - a +0 helmet (worn)
 n - a +0 leather armour (worn)
 z - a +0 pair of boots (worn)
 B - a +0 cloak of stealth (worn)
Jewellery
 t - an amulet of reflection (around neck)
 w - an amulet of the acrobat
Wands
 v - a wand of charming (8)
 F - a wand of polymorph (9)
Scrolls
 d - a scroll of magic mapping {unknown}
 e - 2 scrolls of fear {unknown}
 f - 2 scrolls of amnesia {unknown}
 g - 2 scrolls of blinking {unknown}
 i - 2 scrolls of identify {unknown}
 o - a scroll of silence {unknown}
 s - a scroll of poison {unknown}
 u - a scroll of noise {unknown}
 x - a scroll of teleportation {unknown}
 G - a scroll of fog {unknown}
Potions
 c - a potion of curing {unknown}
 j - 2 potions of ambrosia {unknown}
 k - a potion of cancellation {unknown}
 l - a potion of heal wounds {unknown}
 q - 2 potions of lignification {unknown}
 r - a potion of flight {unknown}
 C - a potion of attraction {unknown}
 D - a potion of degeneration {unknown}


   Skills:
 + Level 4.8 Fighting
 + Level 4.2(5.7) Maces & Flails
 * Level 5.8(6.4) Staves
 * Level 4.5 Ranged Weapons
 * Level 4.9 Armour
 + Level 2.3 Dodging
 + Level 2.2 Stealth
 + Level 0.6 Shields


You had 7 spell levels left.
You didn't know any spells.
Your spell library was empty.

Dungeon Overview and Level Annotations

Branches:
Dungeon (6/15)
 Temple: D:4-7

Altars:
Nemelex Xobeh
Yredelemnul

Annotations:
D:6 Maggie


Innate Abilities, Weirdness & Mutations

You are immune to sickness and miasma.
Your stone body is resilient. (AC +5)
You are immune to poison.
You resist negative energy. (rN+)
You are resistant to electric shocks. (rElec)
You are resistant to unholy torment.
You are immune to petrification.


Message History

Maggie zaps a wand.
The mass of ice explodes!
The iceblast engulfs you.
Fire: b) +2 sling (vorpal)
Press: ? - help, Q - select action, (/) - cycle Shift-Dir - straight line, f/p - Maggie
Aim: Maggie, wielding a +2 vampiric glaive, wearing +0 steam dragon scales and carrying a wand of iceblast (10) (moderately wounded, mesmerising, 60% to hit)
You shoot a sling bullet. The sling bullet hits Maggie.
Maggie is moderately wounded.
Fire: b) +2 sling (vorpal)
Press: ? - help, Q - select action, (/) - cycle Shift-Dir - straight line, f/p - Maggie
Aim: Maggie, wielding a +2 vampiric glaive, wearing +0 steam dragon scales and carrying a wand of iceblast (10) (moderately wounded, mesmerising, 60% to hit)
You shoot a sling bullet. The sling bullet hits Maggie.
Maggie is heavily wounded.
Fire: b) +2 sling (vorpal)
Press: ? - help, Q - select action, (/) - cycle Shift-Dir - straight line, f/p - Maggie
Aim: Maggie, wielding a +2 vampiric glaive, wearing +0 steam dragon scales and carrying a wand of iceblast (10) (heavily wounded, mesmerising, 60% to hit)
You shoot a sling bullet. The sling bullet hits Maggie.
Maggie is heavily wounded.
Your +3 quarterstaff of chaos is briefly surrounded by a scintillating aura of random colours.
a - a +3 quarterstaff of chaos (weapon)
Maggie mumbles some strange words.
Maggie draws you further into her thrall.
You closely miss Maggie.
Maggie is heavily wounded.
Maggie hits you with a +2 vampiric glaive!
You hit Maggie.
Maggie is poisoned.
Maggie is severely wounded.
Maggie misses you.
You hit Maggie.
Maggie is severely wounded.
Maggie hits you with a +2 vampiric glaive!!
* * * LOW HITPOINT WARNING * * *
You are too mesmerised to rage.
You thump Maggie! You freeze Maggie.
Maggie is almost dead.
Maggie gestures wildly while chanting.
Maggie draws you further into her thrall.
You are too mesmerised to rage.
You barely miss Maggie.
Maggie is almost dead.
Maggie hits you with a +2 vampiric glaive!
You die...

.####...#.# ..# ###...#
#.## ###.# #....####.#
###....#.#####
##.......#
#########.###.##########
#.......................
#...............@@......
#.........#####.########
#.........#...........?
###########.#..........
...... #.#.#######
....## #.#.. ....##
#.#.# ....'. . ...
....## # #..


You could see Maggie (mesmerising, very poisoned).

Vanquished Creatures
  Grinder (D:3)
  A culicivora (D:5)
  2 ice beasts
  2 ogres
  A necrophage (D:4)
  A howler monkey (D:5)
  4 hounds
  2 orc priests
  Crazy Yiuf (D:4)
  Jessica (D:3)
  An iguana (D:6)
  5 orc wizards
  Natasha (D:2)
  5 adders
  2 ufetubi (D:4)
  2 worms (D:2)
  3 dart slugs
  13 orcs
  3 bats
  12 endoplasms
  2 giant cockroaches
  8 goblins
  2 hobgoblins (D:2)
  3 kobolds (D:1)
  4 quokkas
  2 ball pythons (D:4)
  6 rats
90 creatures vanquished.

Notes
Turn   | Place    | Note
-------+----------+-------------------------------------------
     0 | D:1      | KittyFluff the Gargoyle Berserker began the quest for the
                  | Orb.
     0 | D:1      | Reached XP level 1. HP: 14/14 MP: 1/1
    45 | D:1      | Reached XP level 2. HP: 5/19 MP: 2/2
  1031 | D:1      | Reached XP level 3. HP: 22/24 MP: 3/3
  1663 | D:2      | Found a sparkling altar of Nemelex Xobeh.
  1747 | D:2      | Noticed a floating eye
  1749 | D:2      | Found a faded altar of an unknown god.
  1752 | D:2      | Noticed an eye of devastation
  1758 | D:2      | Noticed a golden eye
  1768 | D:2      | Noticed a golden eye
  2262 | D:2      | Noticed Natasha
  2272 | D:2      | Killed Natasha
  2273 | D:2      | Reached skill level 1 in Ranged Weapons
  2273 | D:2      | Reached XP level 4. HP: 14/29 MP: 4/4
  2583 | D:3      | Noticed Grinder
  2590 | D:3      | Paralysed by Grinder for 5 turns
  2862 | D:3      | Paralysed by Grinder for 2 turns
  2879 | D:3      | Killed Grinder
  2880 | D:3      | Reached skill level 1 in Stealth
  2880 | D:3      | Reached XP level 5. HP: 21/33 MP: 5/5
  2880 | D:3      | Reached XP level 6. HP: 24/38 MP: 6/6
  3047 | D:3      | Noticed Jessica
  3063 | D:3      | Killed Jessica
  3452 | D:4      | Reached ** piety under Trog
  3528 | D:4      | Noticed an ice beast
  3536 | D:4      | Killed an ice beast
  3537 | D:4      | Reached skill level 1 in Staves
  3538 | D:4      | Reached XP level 7. HP: 44/44 MP: 7/7
  4136 | D:4      | Reached skill level 2 in Staves
  4614 | D:4      | Found a runed translucent door.
  4615 | D:4      | Noticed Crazy Yiuf
  4623 | D:4      | Killed Crazy Yiuf
  4809 | D:5      | Entered Level 5 of the Dungeon
  4837 | D:5      | Reached skill level 3 in Staves
  5061 | D:5      | Reached XP level 8. HP: 44/48 MP: 8/8
  5126 | D:5      | Reached skill level 4 in Staves
  5267 | D:5      | Found a large runed translucent door.
  5268 | D:5      | Found a large runed translucent door.
  5326 | D:5      | Found a basalt altar of Yredelemnul.
  5331 | D:5      | Noticed a culicivora
  5331 | D:5      | a black bear changed into a culicivora
  5334 | D:5      | Killed a culicivora
  5340 | D:5      | Found a sparkling altar of Nemelex Xobeh.
  5345 | D:5      | Reached skill level 5 in Staves
  5801 | D:6      | Noticed Maggie
  5816 | D:6      | Slain by Maggie

Illustrated notes

Levels and vault maps discovered:
D:1:      reono_arrival_mine, layout_basic
D:2:      layout_loops_ring, hellmonk_ecumenical_altar_watching_god,
          basic_altar, uniq_natasha
D:3:      layout_rooms, uniq_jessica, uniq_grinder
D:4:      layout_cave_pods, hangedman_feature_mirror, minmay_misc_feat_pillars,
          uniq_crazy_yiuf_cottage
D:5:      layout_rooms, jmf_multi_god_temple2, minmay_stone_trees_medium
D:6:      layout_basic, mainiacjoe_overflow_catwalk,
          minmay_temple_entry_junction, gammafunk_ghost_arena, uniq_maggie

Skill      XL: |  1  2  3  4  5  6  7  8 |
---------------+-------------------------+-----
Ranged Weapons | 1 3 4 |  4.5
Armour         | 3 4 |  4.9
Fighting       | 4 |  4.8
Maces & Flails | 4 |  4.2
Dodging        | 2 |  2.3
Stealth        | 1 2 |  2.2
Staves         | 1 3 5 |  5.8
Shields        | |  0.6

Action                   |  1- 3 |  4- 6 |  7- 9 || total
-------------------------+-------+-------+-------++-------
Melee: Mace              |    91 |    40 |       ||   131
       Punch             |     2 |       |       ||     2
       Quarterstaff      |       |    13 |   134 ||   147
 Fire: Sling             |    19 |    15 |    29 ||    63
Invok: Berserk           |     3 |     1 |     2 ||     6
 Stab: Sleeping          |       |     1 |     4 ||     5
Armor: Animal skin       |    28 |     5 |       ||    33
       Leather armour    |       |    13 |    36 ||    49
Dodge: Dodged            |    44 |    28 |    63 ||   135
Block: Other             |       |     3 |    15 ||    18
